[Event "Late-Titled-Tuesday-Blitz-September-12-2023"]
[Site "Chess.com"]
[Date "2023.09.12"]
[Round "7"]
[White "RIPOL"]
[Black "hellokostya"]
[Result "0-1"]
[WhiteElo "2463"]
[BlackElo "2600"]
[TimeControl "180+1"]
[EndTime "15:09:36 PDT"]
[Termination "hellokostya won by resignation"]

1. d4 Nf6 2. c4 g6 3. Nc3 Bg7 4. e4 d6 5. f4 O-O 6. Nf3 c5 7. d5 e6 8. dxe6 fxe6 9. Bd3 Qe7 10. O-O b6 11. Ng5 Bb7 12. f5 exf5 13. exf5 gxf5 14.
Bxf5 Nc6 15. Nd5 Qe5 16. Qh5 Nxh5 0-1

[Event "Late-Titled-Tuesday-Blitz-September-12-2023"]
[Site "Chess.com"]
[Date "2023.09.12"]
[Round "7"]
[White "Flaccidmoves"]
[Black "PapaieDudu"]
[Result "1-0"]
[WhiteElo "2444"]
[BlackElo "2296"]
[TimeControl "180+1"]
[EndTime "15:10:05 PDT"]
[Termination "Flaccidmoves won by resignation"]

1. Nf3 d5 2. c4 dxc4 3. e3 b5 4. a4 c6 5. axb5 cxb5 6. b3 Qc7 7. bxc4 bxc4 8. Qa4+ Nd7 9. Bxc4 Bb7 10. O-O Nf6 11.
Nc3 e6 12. Nb5 Qb6 13. Ba3 Nc5 14. Nd6+ Kd8 15. Bxc5 1-0

[Event "Late-Titled-Tuesday-Blitz-September-12-2023"]
[Site "Chess.com"]
[Date "2023.09.12"]
[Round "7"]
[White "Parhamov"]
[Black "h4parah5"]
[Result "0-1"]
[WhiteElo "3094"]
[BlackElo "2963"]
[TimeControl "180+1"]
[EndTime "15:10:09 PDT"]
[Termination "h4parah5 won by resignation"]

1. d4 Nf6 2. c4 e6 3. Nf3 d5 4. Nc3 dxc4 5. e3 a6 6. a4 c5 7. Bxc4 Nc6 8. O-O Be7 9. h3 O-O 10. Re1 Qc7 11. dxc5 Bxc5 12. Qe2 Bd6 13. Bd2 Bd7 14.
Rac1 Rac8 15. Bd3 Qb8 16. Ne4 Nxe4 17. Bxe4 Ne7 18. a5 Bc6 19. Bxc6 Rxc6 20. e4 Rxc1 21. Rxc1 Rc8 22. Rd1 Nc6 23. Bc3 Rd8 24. g4 Bc7 25. b4 Bd6 26. b5 axb5 27. Qxb5 Bh2+ 28. Nxh2 Rxd1+ 29. Kg2 Qc7 30. Nf3 Rd8 31. Qg5 e5 32. Qf5 f6 33. g5 Qd7 34. gxf6 Qxf5 35. exf5 gxf6 36. Nd2 Rd5 0-1

[Event "Late-Titled-Tuesday-Blitz-September-12-2023"]
[Site "Chess.com"]
[Date "2023.09.12"]
[Round "7"]
[White "becemix"]
[Black "micke12a"]
[Result "1-0"]
[WhiteElo "2534"]
[BlackElo "2389"]
[TimeControl "180+1"]
[EndTime "15:10:21 PDT"]
[Termination "becemix won by resignation"]

1. e4 c5 2. Nf3 d6 3. d4 cxd4 4.
Nxd4 Nf6 5. Nc3 g6 6. f3 Bg7 7. h4 O-O 8. Be3 Nc6 9. Qd2 Bd7 10. g4 Rc8 11. Nxc6 Bxc6 12. h5 Qa5 13. hxg6 hxg6 14. Bh6 b5 15. Bxg7 Kxg7 16. Qh6+ 1-0

[Event "Late-Titled-Tuesday-Blitz-September-12-2023"]
[Site "Chess.com"]
[Date "2023.09.12"]
[Round "7"]
[White "cukin84"]
[Black "Cambek64"]
[Result "0-1"]
[WhiteElo "2242"]
[BlackElo "2490"]
[TimeControl "180+1"]
[EndTime "15:10:25 PDT"]
[Termination "Cambek64 won by checkmate"]

1. e4 e6 2. d4 d5 3. Nc3 Nc6 4. exd5 exd5 5. Bb5 a6 6. Bxc6+ bxc6 7. Bf4 Bd6 8. Nge2 Ne7 9. O-O O-O 10. Qd3 a5 11. Bxd6 cxd6 12. Nf4 Ba6 13. Qg3 Bxf1 14. Rxf1 Ng6 15.
Nh5 Qh4 16. Qf3 Qxd4 17. h3 Rfe8 18. Rd1 Qe5 19. g3 Rab8 20. b3 d4 21. Na4 c5 22.
Rd3 Qe2 23. Qf5 Re5 24. Qd7 Qxh5 25. Qxd6 Rf8 26. Kg2 Qg5 27. Kh2 Qf5 28. Nb6 Qxf2+ 29. Kh1 Re1# 0-1

[Event "Late-Titled-Tuesday-Blitz-September-12-2023"]
[Site "Chess.com"]
[Date "2023.09.12"]
[Round "7"]
[White "GMBenjaminBok"]
[Black "m_ezat"]
[Result "1-0"]
[WhiteElo "3007"]
[BlackElo "2661"]
[TimeControl "180+1"]
[EndTime "15:10:31 PDT"]
[Termination "GMBenjaminBok won by resignation"]

1. d4 Nf6 2. c4 e6 3. Nc3 Bb4 4. Qc2 O-O 5. a3 Bxc3+ 6. Qxc3 d5 7. Bg5 h6 8. Bxf6 Qxf6 9. Nf3 c5 10. cxd5 cxd4 11. Qxd4 Qxd4 12. Nxd4 exd5 13. Rc1 a6 14. e3 Bd7 15. Rc7 Rc8 16. Rxb7 Bc6 17. Rb6 Bb5 18. Nxb5 axb5 19. Kd2 Nd7 20. Rxb5 Nc5 21. f3 Rab8 22. Rxb8 Rxb8 23. b4 Na4 24.
Bd3 Ra8 25. Ra1 Nb6 26. Bb5 Kf8 27. a4 Ke7 28. a5 Kd6 29. Rc1 Nc8 30. Rc6+ Ke7 31.
Rc7+ Kf6 32. Bc6 Rb8 33. Rb7 1-0

[Event "Late-Titled-Tuesday-Blitz-September-12-2023"]
[Site "Chess.com"]
[Date "2023.09.12"]
[Round "7"]
[White "emirgulbeyaz"]
[Black "cthulhuuu"]
[Result "1-0"]
[WhiteElo "2368"]
[BlackElo "2467"]
[TimeControl "180+1"]
[EndTime "15:10:50 PDT"]
[Termination "emirgulbeyaz won by checkmate"]

1. d4 Nf6 2. Bf4 g6 3. Nc3 d5 4. e3 Bg7 5. h4 h6 6. Nf3 Nbd7 7. Qd2 c6 8. O-O-O b5 9. Ne5 b4 10. Na4 Qa5 11. b3 Nxe5 12. Bxe5 Ne4 13. Qe1 Bxe5 14.
dxe5 Nc3 15. Nxc3 bxc3 16. a4 Qb4 17. Kb1 c5 18. Bb5+ Kf8 19. Rxd5 Be6 20. Rd3 a6 21. Bc6 Rb8 22. Qxc3 Qb6 23. Bd5 Bf5 24. e4 Bd7 25. e6 fxe6 26. Qxh8+ Kf7 27. Qh7+ Kf6 28. e5+ Kxe5 29.
Re1+ Kf6 30. Rf3# 1-0

[Event "Late-Titled-Tuesday-Blitz-September-12-2023"]
[Site "Chess.com"]
[Date "2023.09.12"]
[Round "7"]
[White "dropstoneDP"]
[Black "Iball95"]
[Result "1-0"]
[WhiteElo "3028"]
[BlackElo "2794"]
[TimeControl "180+1"]
[EndTime "15:11:00 PDT"]
[Termination "dropstoneDP won by checkmate"]

1. e4 c5 2. Nf3 e6 3. d4 cxd4 4. Nxd4 Nf6 5. Nc3 Nc6 6. Nxc6 bxc6 7. e5 Nd5 8. Ne4 f5 9. Nd6+ Bxd6 10. exd6 O-O 11.
c4 Nf6 12. Be2 Qb6 13. O-O c5 14. Be3 Qxb2 15. Rb1 Qe5 16. Bf3 Ne4 17. Qd3 Ba6 18. Rfc1 Rab8 19. Rxb8 Rxb8 20. Bxe4 fxe4 21. Qa3 Qxd6 22. Bxc5 Qd3 23. Qxa6 Rb1 24. Qc8+ Kf7 25. Qf8+ Kg6 26. Qe8+ Kf6 27. Be7+ Ke5 28. Qh5+ g5 29. Qxg5+ Kd4 30. Bc5# 1-0

[Event "Late-Titled-Tuesday-Blitz-September-12-2023"]
[Site "Chess.com"]
[Date "2023.09.12"]
[Round "7"]
[White "Taran2004"]
[Black "Vaibhavraut99"]
[Result "0-1"]
[WhiteElo "2425"]
[BlackElo "2581"]
[TimeControl "180+1"]
[EndTime "15:11:03 PDT"]
[Termination "Vaibhavraut99 won by resignation"]

1. e4 c5 2. Nf3 e6 3. g3 Nc6 4. Bg2 Nf6 5. e5 Ng4 6. Qe2 Qc7 7. O-O Ngxe5 8. Nxe5 Qxe5 9. Qxe5 Nxe5 10. Nc3 a6 11. d3 Be7 12. Re1 Nc6 13. Bf4 O-O 14. Ne4 d5 15. Nd6 Rd8 16. Nxc8 Raxc8 17. c3 b5 18. a4 b4 19. Rab1 Bf6 20. c4 dxc4 21.
dxc4 Nd4 22. b3 Rd7 23. Be5 Bxe5 24. Rxe5 a5 25. f4 f6 26. Re3 Kf7 27. Kf2 Rcd8 28.
Bh3 Rd6 29. g4 Nc2 30. Re2 Rd2 31. g5 f5 32. Bg2 g6 33. Re1 Nxe1 34. Kxe1 Rxe2+ 35. Kxe2 Rd4 36. Ke3 Rd1 0-1

[Event "Late-Titled-Tuesday-Blitz-September-12-2023"]
[Site "Chess.com"]
[Date "2023.09.12"]
[Round "7"]
[White "kingofthenil"]
[Black "karinachess1"]
[Result "1-0"]
[WhiteElo "2794"]
[BlackElo "2617"]
[TimeControl "180+1"]
[EndTime "15:11:09 PDT"]
[Termination "kingofthenil won by checkmate"]

1. e4 e5 2. Nf3 Nc6 3. Bc4 Bc5 4. d3 Nf6 5. c3 O-O 6. Bb3 d5 7. Qe2 h6 8. h3 Re8 9. g4 dxe4 10.
dxe4 Nh7 11. g5 hxg5 12. Rg1 Be6 13. Bxg5 Qd7 14. Nbd2 Bxb3 15. axb3 Qe6 16. b4 Bf8 17. h4 Nf6 18. Bxf6 Qxf6 19. Ng5 Ne7 20. Nc4 b5 21. Nxe5 g6 22. Ngxf7 Bg7 23. h5 gxh5 24. Qxh5 Kf8 25. Ng5 Qh6 26. Qf7# 1-0

[Event "Late-Titled-Tuesday-Blitz-September-12-2023"]
[Site "Chess.com"]
[Date "2023.09.12"]
[Round "7"]
[White "Andrej2004"]
[Black "Marielchessy"]
[Result "1-0"]
[WhiteElo "2539"]
[BlackElo "2318"]
[TimeControl "180+1"]
[EndTime "15:11:10 PDT"]
[Termination "Andrej2004 won by resignation"]

1. Nf3 Nf6 2. c4 g6 3. b3 Bg7 4. Bb2 d6 5. g3 O-O 6. Bg2 e5 7. d3 Nc6 8. Nc3 Be6 9. O-O h6 10. a3 Qd7 11. b4 Bh3 12. b5 Ne7 13. a4 Bxg2 14. Kxg2 e4 15. Nxe4 Nxe4 16. Bxg7 Nxf2 17.
Rxf2 Kxg7 18. Nd4 c5 19. bxc6 bxc6 20. Qd2 c5 21. Nb5 a6 22. Qb2+ f6 23. Nc3 Rab8 24. Qd2 Rfe8 25. Raf1 Nf5 26. e4 Nd4 27. Rxf6 Re7 28. Nd5 Rbe8 29. Nxe7 Rxe7 30. Qf2 h5 31. Rf8 Qe6 32. Rd8 Qe5 33. Qf8+ Kh7 34. Rf7+ Rxf7 35.
Qxf7+ Kh6 36. Qf4+ Qxf4 37. gxf4 h4 38. Rxd6 Kh5 39.
Rxd4 cxd4 40. c5 1-0

[Event "Late-Titled-Tuesday-Blitz-September-12-2023"]
[Site "Chess.com"]
[Date "2023.09.12"]
[Round "7"]
[White "chessdjw"]
[Black "rdarruda"]
[Result "1-0"]
[WhiteElo "2730"]
[BlackElo "2518"]
[TimeControl "180+1"]
[EndTime "15:11:22 PDT"]
[Termination "chessdjw won by checkmate"]

1. e4 c5 2. Nf3 Nc6 3. Bb5 g6 4.
O-O Bg7 5. Re1 Nf6 6. Bxc6 bxc6 7. e5 Nd5 8. c4 Nc7 9. d4 cxd4 10. Qxd4 O-O 11. Qh4 Ne6 12. Bh6 d6 13. Nc3 dxe5 14.
Bxg7 Kxg7 15. Nxe5 Qc7 16. Rad1 h6 17. Ng4 Rh8 18.
Ne4 Qf4 19. Qxe7 Qxg4 20. Qf6+ Kg8 21. Ng5 Qf5 22. Rd8+ Nxd8 23. Re8# 1-0

[Event "Late-Titled-Tuesday-Blitz-September-12-2023"]
[Site "Chess.com"]
[Date "2023.09.12"]
[Round "7"]
[White "Oleksandr_Bortnyk"]
[Black "AlexanderL"]
[Result "1-0"]
[WhiteElo "3005"]
[BlackElo "2845"]
[TimeControl "180+1"]
[EndTime "15:11:26 PDT"]
[Termination "Oleksandr_Bortnyk won by resignation"]

1. e4 e5 2. Nf3 Nf6 3. Nxe5 Nxe4 4. Qe2 Qe7 5. d4 d6 6. Nf3 Bf5 7. Be3 d5 8. c3 c6 9. g3 h6 10. Bg2 Nd7 11. O-O O-O-O 12. b4 Nb6 13. b5 cxb5 14. Qxb5 Nc4 15. Ne5 a6 16. Qb3 Nxe5 17. dxe5 Qxe5 18. Na3 Bc5 19. Rab1 Rd7 20. Bf4 Qxc3 21. Bxe4 Qxb3 22. Rxb3 dxe4 23. Rc1 Rd5 24. Be3 1-0

[Event "Late-Titled-Tuesday-Blitz-September-12-2023"]
[Site "Chess.com"]
[Date "2023.09.12"]
[Round "7"]
[White "ChessDokmus"]
[Black "diamonds13"]
[Result "1-0"]
[WhiteElo "2213"]
[BlackElo "2343"]
[TimeControl "180+1"]
[EndTime "15:11:28 PDT"]
[Termination "ChessDokmus won on time"]

1. e4 c5 2. Nf3 Nc6 3. b4 cxb4 4. d4 d5 5. exd5 Qxd5 6. c4 bxc3 7. Nxc3 Qa5 8. Rb1 Qxc3+ 9. Bd2 Qa3 10. d5 Nf6 11.
dxc6 bxc6 12. Qc2 Bd7 13. Bb4 e6 14. Bxa3 Bxa3 15. Bd3 O-O 16. O-O Nd5 17. Bxh7+ Kh8 18. Be4 Bd6 19. Ng5 f5 20. Bxd5 exd5 21. Qd3 Rf6 22. Qh3+ Kg8 23. Qh7+ 1-0

[Event "Late-Titled-Tuesday-Blitz-September-12-2023"]
[Site "Chess.com"]
[Date "2023.09.12"]
[Round "7"]
[White "reevecanada"]
[Black "talaicito"]
[Result "1-0"]
[WhiteElo "2490"]
[BlackElo "2197"]
[TimeControl "180+1"]
[EndTime "15:11:32 PDT"]
[Termination "reevecanada won by resignation"]

1. e4 c5 2. Nf3 d6 3. Bb5+ Nd7 4.
d4 cxd4 5. Nxd4 a6 6. Bd3 Ngf6 7. O-O g6 8. Nc3 Bg7 9. Re1 O-O 10. Bf1 Nc5 11.
b4 Ne6 12. Bb2 Nxd4 13. Qxd4 Nd7 14. Qd3 Ne5 15. Qd2 Nc6 16. a3 Be6 17. Rad1 Rc8 18. f4 b5 19. Kh1 Nd4 20. Qf2 Bc4 21. Rxd4 Bxf1 22. Rxf1 Bxd4 23. Qxd4 Rc4 24. Qd3 e6 25. f5 Qc7 26. f6 h6 27. Qh3 Kh7 28. Bc1 h5 29. Qe3 Kg8 30. Qh6 1-0

[Event "Late-Titled-Tuesday-Blitz-September-12-2023"]
[Site "Chess.com"]
[Date "2023.09.12"]
[Round "7"]
[White "kleopl"]
[Black "IMGC"]
[Result "0-1"]
[WhiteElo "2521"]
[BlackElo "2431"]
[TimeControl "180+1"]
[EndTime "15:11:34 PDT"]
[Termination "IMGC won by resignation"]

1. e4 b6 2. d4 Bb7 3. Bd3 e6 4. c3 Nf6 5. Qe2 c5 6. Nf3 d6 7. O-O Be7 8. h3 O-O 9. Bf4 Nc6 10. Nbd2 cxd4 11. cxd4 Nb4 12. Bb1 Ba6 13. Qe3 Bxf1 14. Nxf1 Rc8 15. Ne1 e5 16. dxe5 dxe5 17. Bxe5 Bc5 18.
Qg3 Bd4 19. Nd3 Nxd3 20. Bxd4 Qxd4 21. Bxd3 Rfd8 22. Rd1 Nxe4 23. Qh4 g5 24. Qg4 Qxf2+ 25. Kh1 Rxd3 26. Qxc8+ Kg7 27. Qc1 Rxd1 28. Qxd1 Qxf1+ 29. Qxf1 Ng3+ 30. Kg1 Nxf1 31. Kxf1 f5 32. Ke2 Kf6 33. Kd3 Ke5 34. Kc4 Kf4 35. Kb5 Kg3 36. Ka6 Kxg2 37.
Kxa7 f4 0-1

[Event "Late-Titled-Tuesday-Blitz-September-12-2023"]
[Site "Chess.com"]
[Date "2023.09.12"]
[Round "7"]
[White "lluiss"]
[Black "pirulillo"]
[Result "0-1"]
[WhiteElo "2165"]
[BlackElo "2325"]
[TimeControl "180+1"]
[EndTime "15:11:39 PDT"]
[Termination "pirulillo won by resignation"]

1. Nf3 g6 2. d4 Bg7 3. c4 Nf6 4.
g3 d6 5. Bg2 O-O 6. Nc3 c6 7.
O-O Qa5 8. e4 e5 9. dxe5 dxe5 10. Qc2 Re8 11. b3 Nbd7 12. Bd2 Qc7 13. h3 a5 14. Be3 Bf8 15. Na4 b6 16. c5 b5 17.
Nb6 Rb8 18. Nxc8 Rbxc8 19. Rac1 Nb8 20. a3 Na6 21. Rfd1 Nd7 22. h4 Ndxc5 23. Bh3 Rcd8 24. Bxc5 Bxc5 25. Rxd8 Rxd8 26. b4 axb4 27. axb4 Bxb4 28. Qxc6 Rd1+ 0-1

[Event "Late-Titled-Tuesday-Blitz-September-12-2023"]
[Site "Chess.com"]
[Date "2023.09.12"]
[Round "7"]
[White "GoltsevDmitry2000"]
[Black "kreonx"]
[Result "1-0"]
[WhiteElo "2622"]
[BlackElo "2455"]
[TimeControl "180+1"]
[EndTime "15:11:41 PDT"]
[Termination "GoltsevDmitry2000 won by resignation"]

1. e4 c6 2. d4 d5 3. Nc3 dxe4 4. Nxe4 Nf6 5. Ng3 h5 6. h4 g6 7. Bg5 Bg7 8. Bc4 Nbd7 9. Qd3 Nb6 10. Bb3 a5 11. a4 Nbd5 12. Nf3 Be6 13. Ne5 Nb4 14.
Qc3 Nfd5 15. Qf3 f6 16. Nxg6 fxg5 17. Nxh8 g4 18. Qe4 Bxh8 19. Qxe6 Bxd4 20. O-O-O Bxf2 21. Nxh5 Qd6 22. Qg8+ Kd7 23. Qxa8 Kc7 24. Rhf1 g3 25. Bxd5 cxd5 26. Qxa5+ Bb6 27. Qb5 Nc6 28. Kb1 d4 29. Nf4 Bc5 30. Qxc5 Qxc5 31. Ne6+ Kb6 32. Nxc5 Kxc5 33.
Rf3 Ne5 34. Rxg3 1-0

[Event "Late-Titled-Tuesday-Blitz-September-12-2023"]
[Site "Chess.com"]
[Date "2023.09.12"]
[Round "7"]
[White "Bala-Afiada"]
[Black "IngOscarArdila"]
[Result "1-0"]
[WhiteElo "1966"]
[BlackElo "2255"]
[TimeControl "180+1"]
[EndTime "15:11:48 PDT"]
[Termination "Bala-Afiada won by resignation"]

1. d4 Nf6 2. c4 e6 3. g3 Bb4+ 4. Bd2 Qe7 5. Bg2 O-O 6. a3 Bxd2+ 7.
Nxd2 d6 8. e4 e5 9. d5 Nbd7 10.
b4 a5 11. Ngf3 Re8 12. O-O Nf8 13. Qc2 Bg4 14. c5 N8d7 15. cxd6 cxd6 16. Rfc1 Nb6 17. bxa5 Rxa5 18. Qc7 Ra6 19. Qxe7 Rxe7 20. Rab1 Nfd7 21.
h3 Bxf3 22. Bxf3 Nc5 23. Be2 Nba4 24. Bxa6 bxa6 25. Rb8+ 1-0

[Event "Late-Titled-Tuesday-Blitz-September-12-2023"]
[Site "Chess.com"]
[Date "2023.09.12"]
[Round "7"]
[White "szachmistrz2500"]
[Black "Orest_Vovk"]
[Result "0-1"]
[WhiteElo "2453"]
[BlackElo "2590"]
[TimeControl "180+1"]
[EndTime "15:11:53 PDT"]
[Termination "Orest_Vovk won by resignation"]

1. Nf3 h6 2. g3 g5 3. Bg2 Bg7 4. O-O g4 5. Ne1 h5 6. e4 d6 7. d4 h4 8. Nc3 c6 9. Be3 Qa5 10. d5 c5 11. Qd2 Bxc3 12. bxc3 Nf6 13. Nd3 Nbd7 14. c4 Qxd2 15. Bxd2 Nb6 16. Nb2 Nfd7 17. a4 Ne5 18. Bc3 f6 19. a5 Nbxc4 20. Nxc4 Nxc4 21.
Rfb1 Kd8 22. Bf1 Ne5 23. Bxe5 fxe5 24. Rb3 Kc7 25. Rab1 Rb8 26. Ba6 hxg3 27. hxg3 b6 28. axb6+ Rxb6 29. Bc4 Bd7 30. Ra1 Rxb3 31. cxb3 Ra8 32.
Kg2 a5 33. Rh1 a4 34. bxa4 Rxa4 35. Be2 Rxe4 36. Kf1 c4 37. Ke1 c3 38. Kd1 Ba4+ 39.
Ke1 Bb5 0-1

[Event "Late-Titled-Tuesday-Blitz-September-12-2023"]
[Site "Chess.com"]
[Date "2023.09.12"]
[Round "7"]
[White "CarlosjPineror"]
[Black "ural58"]
[Result "1/2-1/2"]
[WhiteElo "2440"]
[BlackElo "2540"]
[TimeControl "180+1"]
[EndTime "15:11:56 PDT"]
[Termination "Game drawn by repetition"]

1. d4 d5 2. c4 e5 3. cxd5 Qxd5 4.
dxe5 Qxd1+ 5. Kxd1 Nc6 6. Nf3 Nge7 7. Nc3 Bg4 8. h3 Bxf3 9. gxf3 O-O-O+ 10. Kc2 Nxe5 11.
f4 N5c6 12. e3 Nb4+ 13. Kb3 Nec6 14. a3 Na5+ 15. Ka4 Nc2 16. Rb1 Nc6 17. Bg2 N6d4 18. exd4 Nxd4 19. Be3 a6 20. Rbd1 b5+ 21. Ka5 Bc5 22.
Kxa6 Rd6+ 23. Ka5 Bb6+ 24. Ka6 Bc5+ 25. Ka5 Bb6+ 26. Ka6 Bc5+ 1/2-1/2

[Event "Late-Titled-Tuesday-Blitz-September-12-2023"]
[Site "Chess.com"]
[Date "2023.09.12"]
[Round "7"]
[White "fyall777"]
[Black "picturesquecheck"]
[Result "0-1"]
[WhiteElo "2611"]
[BlackElo "2343"]
[TimeControl "180+1"]
[EndTime "15:12:01 PDT"]
[Termination "picturesquecheck won on time"]

1. d4 c5 2. Nf3 cxd4 3. Nxd4 Nf6 4. c4 Nc6 5. Nc3 g6 6. g3 Bg7 7. Bg2 O-O 8. O-O a6 9. Nc2 d6 10. b3 Bg4 11. Bb2 Rc8 12. h3 Bd7 13. Nd5 Nxd5 14. Bxg7 Kxg7 15. cxd5 Nb8 16. Qd4+ Kg8 17. Ne3 Bb5 18.
Bf3 a5 19. Ng4 f6 20. Rfc1 Nd7 21. Qa7 Nc5 22. Rxc5 Rxc5 23. Qxb7 Bd7 24. Ne3 Qc8 25. Qa7 Qc7 26. Qa6 Bb5 0-1

[Event "Late-Titled-Tuesday-Blitz-September-12-2023"]
[Site "Chess.com"]
[Date "2023.09.12"]
[Round "7"]
[White "ChessSwole"]
[Black "Piotrek1979"]
[Result "1-0"]
[WhiteElo "2697"]
[BlackElo "2463"]
[TimeControl "180+1"]
[EndTime "15:12:06 PDT"]
[Termination "ChessSwole won by resignation"]

1. d4 g6 2. e4 Bg7 3. Nf3 d6 4. Bc4 a6 5. O-O Nf6 6. Qe2 O-O 7. e5 dxe5 8. dxe5 Nd5 9. Rd1 c6 10. h3 b5 11. Bb3 Qc7 12. Nbd2 Nf4 13. Qe4 Ne6 14. Qh4 h6 15. Ne4 g5 16. Qg3 c5 17.
Bd5 Nc6 18. h4 g4 19. Qxg4 Ned4 20. Qh5 Nxf3+ 21. Qxf3 Nxe5 22. Qg3 Ra7 23. Bxh6 Ng6 24. Qxg6 Qe5 25. Qxg7+ Qxg7 26. Bxg7 Kxg7 27. Nxc5 e6 28. Bf3 Rc7 29. b4 Kf6 30. Rd3 Ke7 31. Rad1 Rg8 32. g3 f5 33. Kf1 Kf6 34. Rd6 Ke5 35. Rb6 f4 36. g4 Kf6 37. Re1 Re8 38. Bd5 Kg7 39. Bxe6 Kh8 40. Bxc8 Rxe1+ 41. Kxe1 Rxc8 42. Rxa6 1-0

[Event "Late-Titled-Tuesday-Blitz-September-12-2023"]
[Site "Chess.com"]
[Date "2023.09.12"]
[Round "7"]
[White "YEIKO2017"]
[Black "petr577"]
[Result "1-0"]
[WhiteElo "2529"]
[BlackElo "2323"]
[TimeControl "180+1"]
[EndTime "15:12:08 PDT"]
[Termination "YEIKO2017 won by resignation"]

1. e4 e5 2. Nf3 Nc6 3. Bb5 f5 4.
Bxc6 dxc6 5. Nc3 fxe4 6. Nxe4 Nf6 7. Qe2 Bd6 8. d4 Bg4 9. dxe5 Bxe5 10. Bg5 O-O 11.
Nxf6+ Bxf6 12. Qc4+ Qd5 13. Qxg4 Bxb2 14. Rd1 Rae8+ 15.
Be3 Bc3+ 16. Nd2 Qxa2 17. O-O b5 18. Ne4 Be5 19. Rd7 Qxc2 20. Bh6 Qxe4 21. Qxe4 Bxh2+ 22.
Kxh2 Rxe4 23. Rxg7+ Kh8 24. Rg3 Rh4+ 25. Rh3 Rxh3+ 26.
Kxh3 b4 27. Bxf8 1-0

[Event "Late-Titled-Tuesday-Blitz-September-12-2023"]
[Site "Chess.com"]
[Date "2023.09.12"]
[Round "7"]
[White "tptagain"]
[Black "lachesisQ"]
[Result "1/2-1/2"]
[WhiteElo "2944"]
[BlackElo "3085"]
[TimeControl "180+1"]
[EndTime "15:12:24 PDT"]
[Termination "Game drawn by repetition"]

1. Nf3 c5 2. c4 Nf6 3. b3 e6 4. Bb2 Be7 5. g3 O-O 6. Bg2 d5 7. cxd5 Nxd5 8. O-O Nc6 9. d4 cxd4 10. Nxd4 Nxd4 11.
Qxd4 Bf6 12. Qd2 Nf4 13. gxf4 Qxd2 14. Nxd2 Bxb2 15. Rab1 Bf6 16. Nc4 Rb8 17. Rfd1 Rd8 18.
Rxd8+ Bxd8 19. b4 Kf8 20. b5 Ke7 21. a4 Bc7 22. e3 b6 23. Rc1 Bd7 24. Na5 Bd6 25.
Nc6+ Bxc6 26. Rxc6 Rd8 27. Be4 g6 28. Kg2 Rd7 29.
Rc8 Bb4 30. Bc6 Rd2 31. Rc7+ Kf8 32. Rxa7 Ra2 33. Ra6 Ba5 34. Kf3 Rxa4 35. Ra8+ Kg7 36. Ra7 Kf8 37. Ra8+ Ke7 38. Ra7+ Kf8 39. Ra8+ 1/2-1/2

[Event "Late-Titled-Tuesday-Blitz-September-12-2023"]
[Site "Chess.com"]
[Date "2023.09.12"]
[Round "7"]
[White "F-Ghaith2021"]
[Black "APOKALIPSA13"]
[Result "1-0"]
[WhiteElo "2373"]
[BlackElo "2259"]
[TimeControl "180+1"]
[EndTime "15:12:24 PDT"]
[Termination "F-Ghaith2021 won by resignation"]

1. e4 e5 2. Nf3 d5 3. d3 dxe4 4. dxe4 Qxd1+ 5. Kxd1 Nc6 6. c3 Bg4 7. Kc2 a6 8. Be3 O-O-O 9. Nbd2 f5 10. h3 Bxf3 11.
Nxf3 fxe4 12. Ng5 Rd7 13. Bc4 Nf6 14. Be6 h6 15. Nf7 Rg8 16. Rad1 Bd6 17. Nxd6+ cxd6 18. Rxd6 Kc7 19. Rxd7+ Nxd7 20. Bxg8 Nf6 21. Bb3 b6 22. Rd1 g5 23. Bxb6+ Kxb6 24. Rd6 Nh5 25. Bd5 Kc5 26. Rxc6+ Kxd5 27. Rxa6 Nf4 28. Rxh6 Nxg2 29. a4 Ne1+ 30. Kd2 Nd3 31. a5 Nxb2 32. a6 Nc4+ 33. Ke2 Nd6 34. a7 Nb5 35. a8=Q+ Kc4 36. Qa4+ Kc5 37. c4 Nc3+ 38.
Ke3 Nxa4 39. Kxe4 Kxc4 40. Rc6+ Kb5 41. Rc1 Nb2 42. Rb1 Kc4 43. Rxb2 Kc3 44. Rb5 1-0

[Event "Late-Titled-Tuesday-Blitz-September-12-2023"]
[Site "Chess.com"]
[Date "2023.09.12"]
[Round "7"]
[White "FairChess_on_YouTube"]
[Black "bascheyaro"]
[Result "1-0"]
[WhiteElo "3063"]
[BlackElo "2833"]
[TimeControl "180+1"]
[EndTime "15:12:25 PDT"]
[Termination "FairChess_on_YouTube won by resignation"]

1. c4 e6 2. Nc3 d5 3. d4 c6 4.
e4 dxe4 5. Nxe4 Nd7 6. Nf3 Ngf6 7. Bd3 Nxe4 8. Bxe4 Bb4+ 9. Bd2 Bxd2+ 10. Qxd2 O-O 11. O-O-O Nf6 12. Bc2 b5 13. c5 a5 14. Ne5 Bb7 15. Qf4 a4 16. Rd3 Nd5 17. Qd2 b4 18. Rh3 f5 19. Re1 b3 20. axb3 axb3 21. Bxb3 Ra1+ 22.
Kc2 Rxe1 23. Qxe1 Nf4 24. Qe3 Nd5 25. Qg3 Nc7 26. Qh4 Qxh4 27. Rxh4 g6 28. Bc4 Kg7 29.
Rh3 Rd8 30. Rb3 Ba8 31. Ra3 Rxd4 32. Kc3 Re4 33. Ra7 Rxe5 34. Rxc7+ Kf6 35. Ra7 Rxc5 36. Rxa8 Re5 37. Rc8 1-0

[Event "Late-Titled-Tuesday-Blitz-September-12-2023"]
[Site "Chess.com"]
[Date "2023.09.12"]
[Round "7"]
[White "chessisveryfun1264"]
[Black "Noki102"]
[Result "1-0"]
[WhiteElo "2543"]
[BlackElo "2427"]
[TimeControl "180+1"]
[EndTime "15:12:30 PDT"]
[Termination "chessisveryfun1264 won by checkmate"]

1. e4 e5 2. Nf3 Nc6 3. Bc4 Nf6 4. c3 Nxe4 5. Qe2 d5 6. Bb5 Qf6 7. d3 Nd6 8. Bxc6+ bxc6 9. Nxe5 Be6 10. Nxc6 h5 11.
Be3 h4 12. Bd4 Qg5 13. Nd2 Nf5 14. O-O-O Bd6 15. g3 h3 16. f4 Qh5 17. g4 Nxd4 18.
Nxd4 Qxg4 19. Rde1 Qxe2 20. Rxe2 Bxf4 21. Rf1 g5 22. Kc2 Kd7 23. N2b3 Kd6 24. Nb5+ Ke7 25. N3d4 a6 26. Nc6+ Kd7 27. Nbd4 Rae8 28. Ne5+ Kd6 29. Rfe1 Bxe5 30. Rxe5 c5 31. Nf5+ Bxf5 32. Rxe8 Rxe8 33.
Rxe8 g4 34. Kd2 Be6 35. Ke3 Ke5 36. d4+ cxd4+ 37. cxd4+ Kf5 38. Ra8 g3 39. hxg3 Kg4 40.
Rg8+ Kf5 41. Kf3 f6 42. g4# 1-0

[Event "Late-Titled-Tuesday-Blitz-September-12-2023"]
[Site "Chess.com"]
[Date "2023.09.12"]
[Round "7"]
[White "jup1978"]
[Black "AsaHoffmann"]
[Result "1-0"]
[WhiteElo "2479"]
[BlackElo "2336"]
[TimeControl "180+1"]
[EndTime "15:12:32 PDT"]
[Termination "jup1978 won by resignation"]

1. d4 Nf6 2. c4 c5 3. d5 e5 4.
dxe6 fxe6 5. Nf3 d5 6. e3 Nc6 7. Nc3 d4 8. exd4 cxd4 9. Nb5 e5 10. Bg5 a6 11. Bxf6 gxf6 12. Na3 Qb6 13. Rb1 Bb4+ 14. Nd2 Bf5 15. Nc2 Bc5 16. b4 Bxc2 17.
Qxc2 Bxb4 18. Bd3 Bxd2+ 19. Qxd2 Qc7 20. Bf5 O-O 21. O-O Rae8 22. Rb3 Re7 23. Rfb1 Nd8 24. Qh6 Rg7 25. Rb6 Qe7 26. R1b3 e4 27. Rh3 Rff7 28.
Qf4 Qe5 29. Qxe5 fxe5 30. Bxe4 Rd7 31. Bd5+ Kh8 32. Rf6 b5 33. Rf8+ 1-0

[Event "Late-Titled-Tuesday-Blitz-September-12-2023"]
[Site "Chess.com"]
[Date "2023.09.12"]
[Round "7"]
[White "KVAIDAN"]
[Black "Roedor"]
[Result "1-0"]
[WhiteElo "2276"]
[BlackElo "2399"]
[TimeControl "180+1"]
[EndTime "15:12:32 PDT"]
[Termination "KVAIDAN won by checkmate"]

1. f4 g6 2. Nf3 Bg7 3. d3 d5 4. e3 Nf6 5. Be2 O-O 6. O-O c5 7. Kh1 Nc6 8. a4 Qc7 9. Nc3 e5 10. fxe5 Nxe5 11. Nb5 Qe7 12. Nxe5 Qxe5 13. e4 dxe4 14.
Bf4 Qe7 15. Bd6 Qd8 16. Bxf8 Qxf8 17. dxe4 Nxe4 18. Bc4 Nf6 19. Nd6 Be6 20. Bxe6 fxe6 21. Nxb7 Rb8 22. Qf3 Qe7 23. Na5 Rxb2 24. Rae1 Rxc2 25.
Nc6 Qd6 26. Ne5 Qd5 27. Rd1 Qxf3 28. Rd8+ Bf8 29. gxf3 Kg7 30. Rb1 Nd5 31. Rb7+ Kf6 32.
Ng4+ Kg5 33. Rxf8 h5 34. Ne5 Ne3 35. Rb1 Kh4 36. Nxg6+ Kh3 37. Nf4+ Kh4 38. Rg8 Rf2 39. Ng2+ Nxg2 40. Rxg2 Rxf3 41. Rc1 Rf5 42. Rc4+ Kh3 43.
Rg3# 1-0